 Dungeon Crawl Stone Soup version 0.31-a0-702-gf82c85558f (webtiles) character file.

Game seed: 3810563383903017703

231 qw the Shooter (level 6, -4/38 HPs)
             Began as a Gargoyle Hunter on Sept 7, 2023.
             Slain by a goblin
             ... wielding a +0 club
             ... led by Robin
              (5 damage)
             ... on level 4 of the Dungeon.
             The game lasted 00:01:12 (2523 turns).

qw the Shooter (Gargoyle Hunter)                    Turns: 2523, Time: 00:01:13

Health: -4/38      AC:  9    Str: 21    XL:     6   Next: 4%
Magic:  6/6        EV: 11    Int:  9    God:
Gold:   229        SH:  0    Dex: 15    Spells: 5/5 levels left

rFire   + . .        Y - +0 shortbow
rCold   . . .        (shield currently unavailable)
rNeg    + . .        d - +0 ring mail
rPois   inf          (no helmet)
rElec   +            (no cloak)
rCorr   .            (no gloves)
SInv    .            (no boots)
Will    .....        (no amulet)
Stlth   +            f - +6 ring of strength
HPRegen 0.26/turn    e - ring of protection from fire
MPRegen 0.10/turn

%: no passive effects
@: no status effects
A: sickness immunity, AC +4, negative energy resistance 1, electricity
resistance, torment resistance 1, petrification resistance
a: no special abilities


You were on level 4 of the Dungeon.
You visited 1 branch of the dungeon, and saw 4 of its levels.

You collected 229 gold pieces.


Innate Abilities, Weirdness & Mutations

You are immune to sickness and miasma.
Your stone body is resilient. (AC +4)
You are immune to poison.
You resist negative energy. (rN+)
You are resistant to electric shocks. (rElec)
You are resistant to unholy torment.
You are immune to petrification.


   Skills:
 - Level 4.0 Fighting
 + Level 6.2 Ranged Weapons
 - Level 1.0 Armour
 - Level 1.5 Dodging
 - Level 1.1 Stealth


You had 5 spell levels left.
You didn't know any spells.
Your spell library was empty.

Inventory:

Hand Weapons
 Y - a +0 shortbow (weapon)
Armour
 d - a +0 ring mail (worn)
Jewellery
 b - the ring "Tooqou" {Ice rN+ Str-4 Int+5}
   (You found it on level 4 of the Dungeon)

   [ring of ice]

   Ice:       It enhances your ice magic.
   Str-4:     It affects your strength (-4).
   Int+5:     It affects your intelligence (+5).
   rF-:       It makes you vulnerable to fire.
   rC+:       It protects you from cold.
   rN+:       It protects you from negative energy.
 e - a ring of protection from fire (right hand)
 f - a +6 ring of strength (left hand)
Scrolls
 c - a scroll of blinking {unknown}
 h - 3 scrolls of identify
Potions
 a - a potion of enlightenment {unknown}
 i - a potion of curing

Dungeon Overview and Level Annotations

Branches:
Dungeon (4/15)
 Temple: D:4-7

Altars:
Zin

Annotations:
D:4 Robin


Message History

You shoot an arrow. The arrow hits the goblin.
You kill the goblin!
Robin hits you from afar with a +0 spear.
The goblin closely misses you. Robin throws the goblin at you!
You shoot an arrow. The arrow barely misses the hobgoblin.
The goblin no longer looks unusually strong.
The goblin hits you but does no damage. The hobgoblin barely misses you.
Robin throws the goblin at you! The goblin barely misses you.
The goblin hits you but does no damage. x3
You shoot an arrow. The arrow barely misses the hobgoblin.
The hobgoblin closely misses you. The goblin hits you but does no damage.
Robin hits you but does no damage. The goblin hits you but does no damage.
The goblin barely misses you. The goblin hits you with a +0 club.
The hobgoblin hits you but does no damage.
You shoot an arrow. The arrow closely misses the hobgoblin.
The hobgoblin no longer looks unusually strong.
The goblin misses you. Robin throws the goblin at you!
The goblin hits you with a +0 club. The goblin closely misses you.
The goblin hits you with a +0 club.
The hobgoblin hits you but does no damage.
You shoot an arrow. The arrow hits the hobgoblin.
You kill the hobgoblin!
The goblin no longer looks unusually strong.
Robin roars a battlecry!
The goblins go into a battle-frenzy!
The goblin barely misses you. The goblin hits you with a +0 club.
The goblin hits you with a +0 dagger. The goblin hits you with a +0 club.
You shoot an arrow. The arrow barely misses the goblin.
The goblin no longer looks unusually strong.
Robin hits you but does no damage. The goblin hits you but does no damage.
The goblin hits you with a +0 club.
The goblin hits you but does no damage. x2
You shoot an arrow. The arrow hits the goblin!
You kill the goblin!
The goblin no longer looks unusually strong.
Robin hits you from afar with a +0 spear.
The goblin hits you but does no damage. x3
The dart slug bites you but does no damage.
The goblin hits you but does no damage. The goblin hits you with a +0 club.
Robin barely misses you. The goblin hits you with a +0 club.
You die...

..#.......##.........+
...
..#........<.........#
...
..##........).)......#
...
.###...............:.#
... .#
#.............%...# ....
.###........#...)....#
....
.#.'........#...g...#
....
.#+#........#...w)).#
....
............#..g@)..#
.......
.........##....gg)..#
.......
.....######.....########
.......
.....#.................#
.......
.....#'#####...........#
.......
..........##...........#
.......
..........##...........#
.......
..........##...........#
.......
..........##...........#
#######


You could see Robin, a dart slug and 3 goblins.

Vanquished Creatures
  2 hounds (D:4)
  A sleepcap (D:4)
  3 adders (D:2)
  3 worms
  3 dart slugs
  9 orcs
  9 ball pythons
  5 bats
  8 endoplasms
  5 giant cockroaches
  14 goblins
  10 hobgoblins
  2 quokkas
  5 frilled lizards
  7 kobolds
  3 rats
89 creatures vanquished.

Notes
Turn   | Place    | Note
-------+----------+-------------------------------------------
     0 | D:1      | qw the Gargoyle Hunter began the quest for the Orb.
     0 | D:1      | Reached XP level 1. HP: 12/12 MP: 1/1
     0 | D:1      | 0 ||| qw: Version: 0.3-a-76-g4403597
     0 | D:1      | 0 ||| qw: Game counter: 913
     0 | D:1      | 0 ||| qw: Melee chars always use a shield: true
     0 | D:1      | 0 ||| qw: God list: Okawaru
     0 | D:1      | 0 ||| qw: Allow faded altars: false
     0 | D:1      | 0 ||| qw: Do Orc after clearing Dungeon:15 true
     0 | D:1      | 0 ||| qw: Do second Lair branch before Depths: true
     0 | D:1      | 0 ||| qw: Lair rune preference: random
     0 | D:1      | 0 ||| qw: Goals: Normal
     0 | D:1      | 0 ||| PLANNING D:1-11
    66 | D:1      | Reached XP level 2. HP: 17/17 MP: 2/2
   246 | D:1      | Reached XP level 3. HP: 21/21 MP: 3/3
   392 | D:1      | Reached skill level 5 in Ranged Weapons
   654 | D:1      | 654 ||| UPGRADING to +6 ring of strength.
   655 | D:1      | 655 ||| DROPPING ring of magical power.
   656 | D:1      | 656 ||| READING scroll labelled CADGHO HUILO.
   659 | D:1      | 659 ||| READING scroll labelled BOWKOI BUINU.
   760 | D:1      | 760 ||| READING 5 scrolls labelled COOXKU YSKO.
   761 | D:1      | 761 ||| DRINKING 2 blue potions.
   762 | D:1      | 762 ||| READING 4 scrolls of identify.
   762 | D:1      | 762 ||| IDENTIFYING bubbling pink potion
   763 | D:1      | 763 ||| READING 3 scrolls of identify.
   763 | D:1      | 763 ||| IDENTIFYING lumpy amethyst potion
   764 | D:1      | 764 ||| DROPPING scroll of butterflies.
   765 | D:1      | 765 ||| DROPPING potion of brilliance.
   766 | D:1      | 766 ||| DROPPING potion of degeneration.
   848 | D:2      | Reached skill level 3 in Fighting
   854 | D:2      | Reached XP level 4. HP: 21/28 MP: 4/4
  1294 | D:2      | 1294 ||| UPGRADING to +0 ring mail.
  1304 | D:2      | 1304 ||| DROPPING +0 leather armour.
  1305 | D:2      | 1305 ||| UPGRADING to ring of protection from fire.
  1306 | D:2      | 1306 ||| READING scroll labelled EDOXUA CO GEPE.
  1307 | D:2      | 1307 ||| READING scroll labelled ROFRILURON.
  1308 | D:2      | 1308 ||| READING 2 scrolls of identify.
  1308 | D:2      | 1308 ||| IDENTIFYING smoky cyan potion
  1309 | D:2      | 1309 ||| DROPPING potion of attraction.
  1441 | D:3      | Reached skill level 1 in Armour
  1876 | D:3      | Reached XP level 5. HP: 32/32 MP: 5/5
  1947 | D:3      | Found a glowing silver altar of Zin.
  2012 | D:3      | 2012 ||| READING scroll labelled OWAIMURIAC.
  2035 | D:3      | 2035 ||| READING scroll labelled DEUNOS DENWETS.
  2036 | D:3      | 2036 ||| READING scroll labelled MEAW TAORUIDD.
  2037 | D:3      | 2037 ||| READING 4 scrolls of identify.
  2037 | D:3      | 2037 ||| IDENTIFYING fuming clear potion
  2038 | D:3      | 2038 ||| DROPPING potion of lignification.
  2205 | D:4      | 2205 ||| FLEEEEING.
  2206 | D:4      | 2206 ||| FLEEEEING.
  2296 | D:4      | Reached skill level 6 in Ranged Weapons
  2466 | D:4      | Identified the ring "Tooqou" {Ice rN+ Str-4 Int+5}
  2502 | D:4      | Noticed Robin
  2505 | D:4      | Reached XP level 6. HP: 38/38 MP: 6/6
  2513 | D:4      | 2513 ||| Stepping ~*~*~tactically~*~*~ (outnumbered).
  2514 | D:4      | 2514 ||| Stepping ~*~*~tactically~*~*~ (outnumbered).
  2521 | D:4      | HP: 9/38 [goblin/+0 club[Robin] (1)]
  2522 | D:4      | HP: 3/38 [goblin/+0 club[Robin] (2)]
  2523 | D:4      | HP: 1/38 [goblin/+0 club[Robin] (1)]
  2523 | D:4      | Slain by a goblin

Levels and vault maps discovered:
D:1:      minmay_arrival_four_loops, layout_loops_cross
D:2:      layout_rooms, st_stairs_9, kennysheep_generic_room_4
D:3:      layout_basic, zin_treasury
D:4:      layout_basic, serial_corexii_hall, corexii_hall_statues_x,
          chequers_hall_statues_corner_a, uniq_robin, uniq_crazy_yiuf_cottage,
          uniq_edmund

Skill      XL: |  1  2  3  4  5  6 |
---------------+-------------------+-----
Ranged Weapons | 5 6 |  6.2
Fighting       | 3 4 |  4.0
Armour         | 1 |  1.0
Dodging        | |  1.5
Stealth        | |  1.1

Action                     |  1- 3 |  4- 6 || total
---------------------------+-------+-------++-------
   Fire: Shortbow          |    93 |   204 ||   297
    Use: Scroll            |     5 |     7 ||    12
         Potion            |     1 |       ||     1
 Armour: Leather armour    |    28 |    12 ||    40
         Ring mail         |       |   107 ||   107
  Dodge: Dodged            |    21 |    80 ||   101

Table legend:
 A = Non-vault XP
 B = Vault XP
 C = Vault XP percentage of total XP
 D = Non-vault monster count
 E = Vault monster count
 F = Vault count percentage of total count
                 A         B        C        D         E       F
            +---------+---------+-------+---------+---------+-------
      Total |     311 |      22 |   6.6 |      78 |      11 |  12.4
            +---------+---------+-------+---------+---------+-------
        D:1 |      52 |       0 |   0.0 |      29 |       0 |   0.0
        D:2 |      78 |       6 |   7.1 |      23 |       2 |   8.0
        D:3 |      29 |       0 |   0.0 |      12 |       0 |   0.0
        D:4 |     152 |      16 |   9.5 |      14 |       9 |  39.1
            +---------+---------+-------+---------+---------+-------
